 Dungeon Crawl Stone Soup version 0.16-a0-3641-g71d4c1b (webtiles) character file.

6261 MelekSA the Experimenter (level 10, -2/63 HPs)
             Began as a Gargoyle Gladiator on Feb 14, 2015.
             Was a Believer of Pakellas.
             Slain by an unseen horror (3 damage)
             ... on level 8 of the Dungeon.
             The game lasted 00:45:20 (11657 turns).

MelekSA the Experimenter (Gargoyle Gladiator)      Turns: 11657, Time: 00:45:20

Health: -2/63      AC: 18    Str: 19    XL:     10   Next: 93%
Magic:  20/32      EV: 12    Int:  9    God:    Pakellas [**....]
Gold:   426        SH:  0    Dex: 13    Spells: 0 memorised, 9 levels left

rFire  . . .     SeeInvis .     a - +1 quarterstaff
rCold  . . .     Clarity  .     x - +2 leather armour {rPois}
rNeg   + . .     SustAb   .     (no shield)
rPois  ∞         Gourm    .     c - +1 helmet
rElec  +         Spirit   .     J - +2 cloak
rCorr  .         Warding  .     z - +0 pair of gloves
rMut   .         Stasis   .     (no boots)
MR     .....                    (no amulet)
Stlth  +.........               M - ring of magical power
                                e - ring of invisibility

@: not resistant to hostile enchantments, very unstealthy
A: negative energy resistance 1, sense surroundings 1, electricity resistance,
unbreathing, petrification resistance, rot immunity, AC +7
a: Minor Device Surge, Quick Charge, Renounce Religion, Evoke Invisibility


You were on level 8 of the Dungeon.
You worshipped Pakellas.
Pakellas was pleased with you.
You were not hungry.

You visited 2 branches of the dungeon, and saw 10 of its levels.

You collected 426 gold pieces.

Inventory:

Hand weapons
 a - a +1 quarterstaff (weapon)
 b - a +0 blowgun
 N - a +0 hunting sling of flaming
Missiles
 d - a throwing net (quivered)
 p - 9 curare-tipped needles
Armour
 c - a +1 helmet (worn)
 x - a +2 leather armour of poison resistance (worn)
 z - a +0 pair of gloves (worn)
 J - a +2 cloak (worn)
Magical staves
 D - an uncursed staff of air
 H - an uncursed staff of death
Rods
 L - a +4 rod of clouds (11/11)
   (You found it on level 8 of the Dungeon)
Jewellery
 e - a ring of invisibility (left hand)
 o - a +3 ring of intelligence
 r - an uncursed ring of poison resistance
 M - a ring of magical power (right hand)
Magical devices
 g - a wand of magic darts (23)
 w - a wand of random effects (14)
 y - a wand of fire (6)
 C - a wand of disintegration (1)
 E - a wand of polymorph (2)
 G - a wand of enslavement (5)
 I - a wand of fire (0)
Scrolls
 i - a scroll of fog
 j - 4 scrolls of enchant weapon
 l - 6 scrolls of remove curse
 F - a scroll of teleportation
 K - a scroll of identify
Potions
 k - a potion of flight {unknown}
 m - 4 potions of restore abilities
 q - 3 potions of lignification {unknown}
 s - 3 potions of poison {unknown}
 t - a potion of might
 u - 4 potions of curing
 B - a potion of brilliance
Comestibles
 f - 9 bread rations
 h - 2 meat rations
 n - 2 beef jerkies
 v - 4 fruits


   Skills:
 + Level 7.3 Fighting
 + Level 10.5 Staves
 - Level 2.0 Throwing
 + Level 2.7 Dodging
 * Level 10.6 Evocations


You had 9 spell levels left.
You didn't know any spells.

Dungeon Overview and Level Annotations

Branches:
Dungeon (9/15)             Temple (1/1) D:5
   Lair: D:8-11         Orc: D:9-12

Altars:
Ashenzari
Cheibriados
Dithmenos
Elyvilon
Fedhas
Gozag
Kikubaaqudgha
Makhleb
Nemelex Xobeh
Okawaru
Pakellas
Qazlal
Ru
Sif Muna
Trog
Vehumet
Xom
Yredelemnul
Zin
The Shining One

Shops:
D:4 %


Innate Abilities, Weirdness & Mutations

You are resistant to torment.
You are immune to poison.
Your stone body is very resilient (AC +7).
You resist negative energy.
You are resistant to electric shocks.
You can survive without breathing.
You are immune to petrification.
You are immune to rotting.
You passively map a small area around you.


Message History

The five-headed hydra closely misses you.
The five-headed hydra bites you but does no damage.
The five-headed hydra bites you!
The five-headed hydra barely misses you.
Something hits you but does no damage.
There is an open door here.
Something hits you!
* * * LOW HITPOINT WARNING * * *
Something is blocking the doorway!
Something hits you but does no damage. Something hits you but does no damage.
Something hits you but does no damage.
The five-headed hydra bites you but does no damage.
The five-headed hydra bites you.
* * * LOW HITPOINT WARNING * * *
The five-headed hydra barely misses you.
The five-headed hydra bites you!
* * * LOW HITPOINT WARNING * * *
The five-headed hydra bites you but does no damage.
Something hits you.
You die...

##### ########
#...####......#
#...'..'...)..#
######...####......#
#........'..#......#
#.#......##.#......#
#.#..(.@.##.#......#
#.#......##.#......#####
#.#....D.##.#...........
#.####...##.####'##.....
#.#####5###.####.##.....
#.##...>.(..5.....'.....
#.##...........####.....
####.##....................
#..#.##....................


You could see a five-headed hydra and a crimson imp.

Vanquished Creatures
  Pikel (D:7)
  Maurice (D:9)
  A troll (D:9)
  A spriggan (D:7)
  2 deep elf magi
  A wyvern (D:8)
  A hungry ghost (D:8)
  4 vampire mosquitoes (D:9)
  A water moccasin (D:7)
  2 ogres
  2 black bears (D:8)
  5 orc warriors
  3 sky beasts
  4 slaves (D:7)
  4 ice beasts
  3 centaurs
  2 giant frogs
  A gnoll sergeant (D:8)
  A scorpion (D:5)
  3 wights (D:9)
  An electric eel (D:7)
  10 killer bees
  A jelly (D:8)
  A goliath beetle (D:3)
  A gnoll shaman (D:9)
  A quasit (D:7)
  8 orc priests
  4 worker ants
  2 hounds
  2 iguanas
  7 orc wizards
  A worker ant zombie (D:7)
  9 gnolls
  7 adders
  3 giant mites
  2 worms
  A shadow imp (D:6)
  An adder zombie (D:7)
  2 adder skeletons
  41 orcs
  A bat skeleton (D:8)
  6 giant cockroaches
  16 goblins
  13 hobgoblins
  7 jackals
  3 ball pythons
  15 bats
  11 giant geckos
  A giant gecko zombie (D:7)
  3 giant newts
  A jackal zombie (D:6)
  19 kobolds
  6 quokkas
  2 quokka skeletons
  14 rats
266 creatures vanquished.

Vanquished Creatures (collateral kills)
  2 wights (D:9)
  An orc priest (D:9)
  An orc wizard (D:9)
4 creatures vanquished.

Vanquished Creatures (others)
  A sky beast (D:8)
  A hound (D:9)
  A hobgoblin (D:9)
3 creatures vanquished.

Grand Total: 273 creatures vanquished

Notes
Turn   | Place    | Note
--------------------------------------------------------------
     0 | D:1      | MelekSA, the Gargoyle Gladiator, began the quest for the Orb.
     0 | D:1      | Reached XP level 1. HP: 12/12 MP: 1/1
   136 | D:1      | Reached XP level 2. HP: 11/17 MP: 2/2
   744 | D:1      | Reached skill level 4 in Staves
   864 | D:1      | Reached XP level 3. HP: 21/21 MP: 3/3
  1404 | D:2      | Reached XP level 4. HP: 23/26 MP: 4/4
  1469 | D:2      | Reached skill level 5 in Staves
  1872 | D:3      | Reached XP level 5. HP: 6/30 MP: 5/5
  2137 | D:3      | Found a snail-covered altar of Cheibriados.
  2138 | D:3      | Found an ancient bone altar of Kikubaaqudgha.
  2984 | D:4      | Reached skill level 6 in Staves
  3301 | D:4      | Reached XP level 6. HP: 29/35 MP: 6/6
  3463 | D:4      | Found Haokeiw's Food Boutique.
  4317 | D:5      | Entered Level 5 of the Dungeon
  4412 | D:5      | Reached skill level 7 in Staves
  4731 | D:5      | Reached XP level 7. HP: 40/40 MP: 7/7
  4811 | D:5      | Found a staircase to the Ecumenical Temple.
  4817 | Temple   | Entered the Ecumenical Temple
  4921 | Temple   | Became a worshipper of Pakellas the Inventive
  5003 | D:5      | Reached skill level 1 in Evocations
  5085 | D:5      | Got a slimy scale mail
  5096 | D:5      | Identified the +0 scale mail "Luesishoov" {*Tele rN- MP+9 Int+3 Dex-3} (You found it on level 5 of the Dungeon)
  5566 | D:6      | Gained mutation: You passively map a small area around you. [mutagenic meat]
  5595 | D:6      | Reached skill level 8 in Staves
  6117 | D:6      | Reached XP level 8. HP: 27/44 MP: 13/13
  6255 | D:6      | Acquired Pakellas' first power
  6963 | D:7      | Reached skill level 5 in Evocations
  7391 | D:7      | Noticed a deep elf mage
  7405 | D:7      | Noticed Pikel
  7582 | D:7      | Killed Pikel
  7582 | D:7      | Reached skill level 9 in Staves
  7582 | D:7      | Reached XP level 9. HP: 44/52 MP: 16/19
  7684 | D:7      | Acquired Pakellas' second power
  7703 | D:7      | Killed a deep elf mage
  7883 | D:7      | Reached skill level 5 in Fighting
  8720 | D:8      | You fall through a shaft!
  8733 | D:9      | Noticed Maurice
  8754 | D:9      | Killed Maurice
  8754 | D:9      | Reached XP level 10. HP: 18/60 MP: 1/22
  9104 | D:9      | Reached skill level 10 in Staves
  9679 | D:8      | Reached skill level 10 in Evocations
 10940 | D:8      | Noticed a five-headed hydra
 11656 | D:8      | HP: 1/63 [five-headed hydra (7)]
 11657 | D:8      | Slain by an unseen horror

Action                   |  1- 3 |  4- 6 |  7- 9 | 10-12 || total
-------------------------+-------+-------+-------+-------++-------
Melee: Quarterstaff      |   118 |   264 |   368 |   272 ||  1022
 Fire: Blowgun           |       |     2 |     4 |       ||     6
Throw: Throwing net      |       |       |     2 |       ||     2
Invok: Quick Charge      |       |       |     1 |     2 ||     3
       Minor Device Surg |       |       |     1 |       ||     1
Evoke: Wand              |       |       |    22 |    14 ||    36
  Use: Scroll            |       |    10 |     6 |     3 ||    19
       Potion            |       |       |     3 |     1 ||     4
 Stab: Held in net/web   |       |       |     2 |       ||     2
  Eat: Chunk             |     2 |    10 |    14 |     6 ||    32
       Bread ration      |       |       |       |     2 ||     2
